 Dungeon Crawl Stone Soup version 0.14-b1-49-gc72db44 (webtiles) character file.

354 RepoMan the Skirmisher (level 5, 43/43 HPs)
             Began as a Formicid Fighter on Mar 31, 2014.
             Got out of the dungeon alive.
             The game lasted 00:21:31 (2284 turns).

RepoMan the Skirmisher (Formicid Fighter)           Turns: 2284, Time: 00:21:31

HP  43/43        AC  9     Str 21      XL: 5   Next: 70%
MP   7/7         EV  7     Int  8      God:
Gold 193         SH 19     Dex 10      Spells:  0 memorised,  4 levels left

rFire  . . .     SeeInvis +     a - +0 war axe
rCold  . . .     Clarity  .     b - +0 scale mail
rNeg   . . .     Conserve .     c - +0 shield
rPois  .         rCorr    .     (helmet unavailable)
rElec  .         rRot     .     s - +0 cloak
SustAb . .       Spirit   .     (no gloves)
rMut   .         Warding  .     q - +0 pair of boots
Gourm  +         Stasis   +     i - amulet of the gourmand
MR     .....                    (no ring)
                                (no ring)

@: not resistant to hostile enchantments, extremely unstealthy
A: permanent stasis, dig shafts and tunnels, four strong arms, antennae 3
a: Dig, Shaft Self


You escaped.
You were not hungry.

You visited 1 branch of the dungeon, and saw 3 of its levels.

You collected 193 gold pieces.

Inventory:

Hand weapons
 a - a +0,+0 war axe (weapon)
Armour
 b - a +0 scale mail (worn)
 c - a +0 shield (worn)
 q - a +0 pair of boots (worn)
 s - a +0 cloak (worn)
Comestibles
 d - a bread ration
Scrolls
 f - 2 scrolls of teleportation {unknown}
 h - 2 scrolls of enchant armour {unknown}
 j - 3 scrolls of remove curse {unknown}
 k - 2 scrolls of fear {unknown}
 l - a scroll of magic mapping {unknown}
 m - 4 scrolls of identify {unknown}
 r - a scroll of immolation {unknown}
Jewellery
 i - an amulet of the gourmand (around neck)
Potions
 e - a potion of magic {unknown}
 g - 2 potions of curing {unknown}
 o - a potion of haste
 p - a potion of restore abilities


   Skills:
 + Level 4.3 Fighting
 * Level 3.7 Axes
 + Level 4.1 Armour
 + Level 4.3 Shields


You had 4 spell levels left.
You didn't know any spells.

Dungeon Overview and Level Annotations

Branches:
Dungeon (3/15)

Altars:
Nemelex Xobeh


Innate Abilities, Weirdness & Mutations

Your are under a permanent stasis effect.
You can dig through walls and to a lower floor.
Your four strong arms can wield two-handed weapons with a shield.
You have a pair of large antennae on your head (SInv).


Message History

You dig through the rock wall.
You retract your mandibles.
Use which ability? (? or * to list)
You extend your mandibles.
You dig through the rock wall.
You dig through the rock wall.
All of the chunks of flesh in your inventory have completely rotted away.
You dig through the rock wall.
You retract your mandibles.
You see here 18 sling bullets.
Use which ability? (? or * to list)
You extend your mandibles.
You dig through the rock wall.
You dig through the rock wall.
You retract your mandibles.
There is a staircase leading out of the dungeon here.
Are you sure you want to leave the Dungeon?
This will make you lose the game! [Y]es or [N]o only, please.
Are you sure you want to leave the Dungeon?
This will make you lose the game!
You have escaped!

..#.........# #..(....# #
..#.....###.# #.......# ##
..#.....# #)# #.......##########.
..#.....###.###..............##.#
......##%.....'..............(...
......##.##'###..............####
......##.....###)##..........# #
......##.....# #.##..........# #
......###....# #@..########### ##
.##...# #....# #.### #.
.###'####....###.# #.
≈≈≈≈≈#.......##..###############.
≈###≈...............>..........'.
≈≈≈≈≈#....##############.#######.
≈≈#≈≈#....# #.# #. ≈≈#≈≈#....#
#####.# #. ≈≈#≈≈#....# #.....# #.


There were no monsters in sight!

Vanquished Creatures
  An iguana (D:3)
  Terence (D:3)
  An adder (D:2)
  3 gnolls (D:2)
  4 worms
  A giant gecko (D:1)
  2 orcs (D:3)
  A ball python (D:2)
  2 giant cockroaches
  8 goblins
  7 hobgoblins
  3 jackals (D:1)
  9 kobolds
  8 bats
  2 giant newts
  6 rats
59 creatures vanquished.

Notes
Turn   | Place    | Note
--------------------------------------------------------------
     0 | D:1      | RepoMan, the Formicid Fighter, began the quest for the Orb.
     0 | D:1      | Reached XP level 1. HP: 18/18 MP: 1/1
    52 | D:1      | Reached XP level 2. HP: 24/24 MP: 3/3
   456 | D:1      | Reached XP level 3. HP: 29/29 MP: 4/4
   792 | D:2      | Reached XP level 4. HP: 16/37 MP: 5/5
   844 | D:2      | Reached skill level 4 in Fighting
   938 | D:2      | Found a sparkling altar of Nemelex Xobeh.
  1488 | D:3      | Noticed Terence
  1500 | D:3      | Killed Terence
  1500 | D:3      | Reached XP level 5. HP: 27/42 MP: 7/7
  2018 | D:3      | Upgraded the game from 0.14-b1-12-g1e0207d to 0.14-b1-16-g421572d
  2176 | D:3      | Upgraded the game from 0.14-b1-16-g421572d to 0.14-b1-49-gc72db44
  2284 | D:$      | Got out of the dungeon alive.

Action                   |  1- 3 |  4- 6 || total
-------------------------+-------+-------++-------
Melee: War axe           |    95 |   139 ||   234
 Abil: Dig               |       |     5 ||     5
  Use: Potion            |       |     4 ||     4
